 Dungeon Crawl Stone Soup version 0.31-a0-1005-gfbdfbac (webtiles) character file.

Game seed: 1640808905576280712

915 Partyfoot the Covert (level 8, -1/75 HPs)
             Began as a Naga Hunter on Nov 11, 2023.
             Was an Initiate of Dithmenos.
             Slain by Maggie
             ... wielding a +2 long sword of flaming
              (5 damage)
             ... on level 6 of the Dungeon.
             The game lasted 00:13:05 (3687 turns).

Partyfoot the Covert (Naga Hunter)                  Turns: 3687, Time: 00:13:06

Health: -1/75      AC:  6    Str: 14      XL:     8   Next: 9%
Magic:  8/8        EV: 14    Int: 15      God:    Dithmenos [......]
Gold:   296        SH:  5    Dex: 18 (19) Spells: 7/7 levels left

rFire   . . .        r - +7 whip "Hugezxyo" {flame, Fly Int+5 Dex+3}
rCold   . . .        (no shield)
rNeg    . . .        c - +0 leather armour
rPois   +            f - +0 helmet
rElec   .            (no cloak)
rCorr   +            h - +0 pair of gloves
SInv    +            (no barding)
Will    +....        g - amulet of reflection
Stlth   ++++         l - ring of resist corrosion
HPRegen 0.32/turn    n - +5 ring of evasion
MPRegen 0.11/turn

%: reflection
@: flying, very slow
A: AC +2, large, see invisible, deformed body, poison resistance, slowness 2,
spit poison 1, naga tail 1
a: Spit Poison, Renounce Religion


You were on level 6 of the Dungeon.
You worshipped Dithmenos.
Dithmenos was noncommittal.
You visited 1 branch of the dungeon, and saw 6 of its levels.

You collected 296 gold pieces.

Inventory:

Hand Weapons
 a - a +0 shortbow
 r - the +7 whip "Hugezxyo" (weapon) {flame, Fly Int+5 Dex+3}
   (You found it on level 3 of the Dungeon)

   Int+5:     It affects your intelligence (+5).
   Dex+3:     It affects your dexterity (+3).
   Fly:       It grants you flight.
Armour
 c - a +0 leather armour (worn)
 f - a +0 helmet (worn)
 h - a +0 pair of gloves (worn)
Jewellery
 g - an amulet of reflection (around neck)
 l - a ring of resist corrosion (left hand)
 n - a +5 ring of evasion (right hand)
Wands
 v - a wand of paralysis (1)
 x - a wand of roots (8)
 y - a wand of quicksilver (15)
Scrolls
 b - a scroll of butterflies
 d - 2 scrolls of teleportation
 e - 2 scrolls of blinking
 i - 2 scrolls of noise {unknown}
 j - 5 scrolls of identify {unknown}
 k - a scroll of fog {unknown}
 m - a scroll of immolation {unknown}
 o - a scroll of torment {unknown}
 A - a scroll of enchant weapon {unknown}
 B - a scroll of vulnerability {unknown}
Potions
 p - a potion of mutation {unknown}
 q - a potion of lignification {unknown}
 s - 2 potions of resistance {unknown}
 t - 4 potions of heal wounds {unknown}
 u - a potion of brilliance {unknown}
 w - a potion of curing {unknown}
 z - a potion of degeneration {unknown}


   Skills:
 + Level 5.5 Fighting
 + Level 5.9 Ranged Weapons
 - Level 1.5 Dodging
 + Level 8.1 Stealth


You had 7 spell levels left.
You didn't know any spells.
Your spell library contained the following spells:

 Spells                   Type           Power      Damage    Failure   Level
 Shock                    Conj/Air       0%         1d3       34%         1
 Summon Small Mammal      Summ           0%         N/A       34%         1
 Scorch                   Fire           0%         2d5       45%         2
 Call Canine Familiar     Summ           0%         N/A       71%         3
 Summon Guardian Golem    Hex/Summ       0%         N/A       71%         3
 Swiftness                Air            0%         N/A       71%         3
 Airstrike                Air            0%         2d(0-16)  98%         4
 Flame Wave               Conj/Fire      0%         2d4       98%         4
 Summon Cactus Giant      Summ           0%         N/A       100%        6


Dungeon Overview and Level Annotations

Branches:
Dungeon (6/15)
 Temple: D:4-7

Altars:
Cheibriados
Dithmenos
Fedhas
Nemelex Xobeh
Okawaru
Trog
Yredelemnul
The Shining One

Annotations:
D:4 1 runed translucent door, Orb's ghost, amateur DsSu
D:6 Maggie


Innate Abilities, Weirdness & Mutations

Your serpentine skin is tough. (AC +2)
You have supernaturally acute eyesight. (SInv)
Armour fits poorly on your strangely shaped body.
Your system is resistant to poisons. (rPois)
You cover ground very slowly.
You can spit poison.
You have a snake-like lower body.


Message History

You shoot an arrow. The arrow hits Maggie!
Maggie is lightly wounded.
Maggie hits you with a +2 long sword of flaming!
Maggie burns you.
You shoot an arrow. The arrow closely misses Maggie.
Maggie hits you with a +2 long sword of flaming.
Maggie burns you.
You shoot an arrow. The arrow closely misses Maggie.
Maggie hits you with a +2 long sword of flaming.
Maggie burns you.
You shoot an arrow.
The arrow hits Maggie but does no damage.
Maggie is lightly wounded.
Maggie closely misses you.
You feel clever.
You feel agile.
You fly up into the air.
The +7 whip "Hugezxyo" {flame, Fly Int+5 Dex+3} bursts into flame!
r - the +7 whip "Hugezxyo" (weapon)
{flame, Fly Int+5 Dex+3} Maggie completely misses you.
You closely miss Maggie.
Maggie is lightly wounded.
Maggie hits you with a +2 long sword of flaming!
Maggie burns you.
* * * LOW HITPOINT WARNING * * *
You are too injured to fight recklessly!
You hit Maggie. You burn Maggie.
Maggie is moderately wounded.
Maggie hits you with a +2 long sword of flaming.
* * * LOW HITPOINT WARNING * * *
Maggie burns you.
* * * LOW HITPOINT WARNING * * *
You whack Maggie! You burn Maggie.
Maggie is heavily wounded.
Maggie misses you.
You hit Maggie. You burn Maggie.
Maggie is heavily wounded.
Maggie hits you with a +2 long sword of flaming!
* * * LOW HITPOINT WARNING * * *
Maggie burns you.
You die...

#.........#....#
###.###...#....###
##.###'####.....#
#.........#.....#
#.........#.....#
#.........'.....###
##..##....#....>...
#..##....#........
##@.......###'##...
......@.............#...
....................# ##
############'####...#
..............# #+###
..............#
..............#
..............#
..............#


You could see Maggie.

Vanquished Creatures
  A sky beast (D:4)
  2 centaurs (D:5)
  A bullfrog (D:6)
  2 scorpions
  A quasit (D:5)
  2 orc priests (D:5)
  2 hounds
  2 jellies
  A sleepcap (D:3)
  An iguana (D:6)
  2 orc wizards
  7 adders
  A worm (D:2)
  4 dart slugs
  9 orcs
  8 bats
  7 endoplasms
  9 giant cockroaches
  6 goblins
  6 hobgoblins
  3 quokkas
  5 ball pythons
  5 frilled lizards
  3 goblin zombies (D:5)
  A hobgoblin zombie (D:5)
  9 kobolds
  A kobold zombie (D:5)
  An orc skeleton (D:5)
  7 rats
109 creatures vanquished.

Notes
Turn   | Place    | Note
-------+----------+-------------------------------------------
     0 | D:1      | Partyfoot the Naga Hunter began the quest for the Orb.
     0 | D:1      | Reached XP level 1. HP: 19/19 MP: 1/1
    51 | D:1      | Reached skill level 2 in Stealth
   117 | D:1      | Reached XP level 2. HP: 26/26 MP: 2/2
   535 | D:2      | Reached XP level 3. HP: 32/33 MP: 3/3
   557 | D:2      | Reached skill level 3 in Stealth
   786 | D:2      | Reached XP level 4. HP: 40/40 MP: 4/4
  1054 | D:3      | Identified the +7 whip "Hugezxyo" {flame, Fly Int+5 Dex+3}
  1057 | D:3      | Found a basalt altar of Yredelemnul.
  1087 | D:3      | Reached skill level 4 in Stealth
  1087 | D:3      | Reached XP level 5. HP: 31/49 MP: 5/5
  1438 | D:3      | Reached skill level 5 in Stealth
  1544 | D:3      | Found a shadowy altar of Dithmenos.
  1550 | D:3      | Became a worshipper of Dithmenos the Shadowed
  1715 | D:4      | Found a runed translucent door.
  1723 | D:4      | Noticed Orb's ghost (amateur DsSu)
  2013 | D:4      | Found a sparkling altar of Nemelex Xobeh.
  2070 | D:4      | Reached XP level 6. HP: 57/57 MP: 6/6
  2072 | D:4      | Noticed a sky beast
  2090 | D:4      | Killed a sky beast
  2187 | D:5      | Entered Level 5 of the Dungeon
  2196 | D:5      | Reached skill level 5 in Ranged Weapons
  2196 | D:5      | Reached skill level 6 in Stealth
  2319 | D:5      | Reached XP level 7. HP: 65/66 MP: 7/7
  2414 | D:5      | Reached skill level 7 in Stealth
  2582 | D:5      | Found a glowing golden altar of the Shining One.
  2669 | D:5      | Reached skill level 5 in Fighting
  2925 | D:5      | Found an iron altar of Okawaru.
  2978 | D:5      | Found a snail-covered altar of Cheibriados.
  3168 | D:5      | Found a blossoming altar of Fedhas.
  3362 | D:6      | Found a bloodstained altar of Trog.
  3498 | D:6      | Reached XP level 8. HP: 68/75 MP: 8/8
  3534 | D:6      | Reached skill level 8 in Stealth
  3673 | D:6      | Noticed Maggie
  3687 | D:6      | Slain by Maggie

Illustrated notes

Levels and vault maps discovered:
D:1:      psy_arrival_basics, layout_rooms, st_stairs_5
D:2:      minmay_roachtagon, layout_basic
D:3:      layout_rooms, general_overflow_altar,
          grunt_dithmenos_smoke_and_mirrors, minmay_fractal_squares_gapless_5
D:4:      layout_basic, nemelex_spade_bored_becter,
          ebering_ghost_reflecting_pool, portal_sewer_entry_d, serial_glass,
          glass_columns_a, glass_columns_a, glass_columns_a, glass_columns_c,
          glass_columns_c, glass_columns_c, glass_columns_b, glass_columns_b,
          due_unseen_surprise, feat_on_display, item_on_display_a,
          minmay_strange_pillars, hangedman_abyss_or_decor_passed
D:5:      layout_cave_pools, nicolae_tso_besieged_by_evil,
          nicolae_overflow_squiral, fedhas_altar_4
D:6:      layout_gridville, nicolae_qazlal_beasts_of_the_sky,
          mainiacjoe_overflow_24_doors, hangedman_decor_clover_reticule,
          uniq_maggie

Skill      XL: |  1  2  3  4  5  6  7  8 |
---------------+-------------------------+-----
Stealth        | 2 3 4 5 6 7 8 |  8.1
Ranged Weapons | 4 5 |  5.9
Fighting       | 3 4 5 |  5.5
Dodging        | |  1.5

Action                     |  1- 3 |  4- 6 |  7- 9 || total
---------------------------+-------+-------+-------++-------
  Melee: Whip              |       |       |     4 ||     4
   Fire: Shortbow          |   115 |   180 |   197 ||   492
Ability: Spit Poison       |       |       |     1 ||     1
    Use: Scroll            |       |     2 |       ||     2
 Armour: Leather armour    |    39 |    48 |   105 ||   192
  Dodge: Dodged            |    38 |    74 |   150 ||   262
  Block: Other             |    20 |    17 |    47 ||    84

Table legend: (Time is in decaauts)
 A = Elapsed time spent in this place.
 B = Non-inter-level travel time spent in this place.
 C = Inter-level travel time spent in this place.
 D = Time resting spent in this place.
 E = Time spent auto-exploring this place.
 F = Levels seen in this place.
 G = Mean time per level.
                   A        B        C        D        E       F      G
               +--------+--------+--------+--------+--------+-----+--------+
         Total |   4705 |   4540 |    165 |    496 |   3111 |   6 |  784.2 |
       Dungeon |   4705 |   4540 |    165 |    496 |   3111 |   6 |  784.2 |
               +--------+--------+--------+--------+--------+-----+--------+

Top non-repeatable levels by time:
     D:5: 1354 daAuts
     D:4: 799 daAuts
     D:3: 771 daAuts
     D:1: 693 daAuts
     D:2: 636 daAuts
     D:6: 449 daAuts
